 Dungeon Crawl Stone Soup version 0.23.0 (webtiles) character file.

Game seed: 7090369005612545420

60 Monsterracer the Ruffian (level 3, 0/36 HPs)
             Began as a Troll Abyssal Knight on Feb 10, 2019.
             Was a Believer of Lugonu.
             Killed by divine providence
             ... invoked by an orc priest
              (10 damage)
             ... on level 4 of the Dungeon.
             The game lasted 00:01:12 (669 turns).

Monsterracer the Ruffian (Troll Abyssal Knight)      Turns: 669, Time: 00:01:12

Health: 0/36       AC:  6    Str: 20    XL:     3   Next: 80%
Magic:  3/3        EV: 10    Int:  8    God:    Lugonu [**....]
Gold:   85         SH:  0    Dex: 10    Spells: 2/2 levels left

rFire    . . .     SeeInvis .     - Unarmed
rCold    . . .     Gourm    +   (no shield)
rNeg     . . .     Faith    .   a - +0 robe
rPois    .         Spirit   .   (helmet restricted)
rElec    .         Reflect  .   (no cloak)
rCorr    .         Harm     .   (gloves unavailable)
MR       .....                  (boots unavailable)
Stlth    +.........             (no amulet)
HPRegen  0.52/turn              (no ring)
MPRegen  0.08/turn              (no ring)

@: no status effects
A: large, unfitting armour, claws 3, fast metabolism 3, gourmand, regeneration
1, shaggy fur 1, tough skin 3
a: Depart the Abyss, Bend Space, Renounce Religion


You were on level 4 of the Dungeon.
You worshipped Lugonu.
Lugonu was pleased with you.
You were not hungry.

You visited 1 branch of the dungeon, and saw 3 of its levels.
You visited the Abyss 1 time.

You collected 85 gold pieces.

Inventory:

Armour
 a - a +0 robe (worn)
Scrolls
 b - a scroll of remove curse {unknown}
 d - a scroll of enchant armour {unknown}
 e - a scroll of magic mapping {unknown}
Comestibles
 c - 4 rations


   Skills:
 + Level 2.9 Fighting
 - Level 1.9 Dodging
 * Level 3.2 Unarmed Combat
 + Level 2.2 Invocations


You had 2 spell levels left.
You didn't know any spells.
Your spell library was empty.

Dungeon Overview and Level Annotations

Branches:
Dungeon (2/15)

Altars:


Innate Abilities, Weirdness & Mutations

You are too large for most types of armour.
You have claws for hands.
Your metabolism is lightning-fast.
You like to eat raw meat.
Your natural rate of healing is unusually fast.
You are covered in fur. (AC +1)
You have extremely tough skin. (AC +3)


Message History

A ball python skeleton comes into view.
The ball python skeleton bites you but does no damage.
You scratch the ball python skeleton.
The ball python skeleton is moderately damaged.
The ball python skeleton bites you but does no damage.
You claw the ball python skeleton!
You destroy the ball python skeleton!
Lugonu accepts your kill.
You can now bend space around yourself.
No target in view!
No target in view!
A worker ant comes into view.
A worker ant is nearby!
A worker ant is nearby!
You closely miss the worker ant. The worker ant barely misses you.
You barely miss the worker ant. The worker ant closely misses you.
You closely miss the worker ant.
The worker ant bites you but does no damage.
You claw the worker ant!
The worker ant is moderately wounded.
The worker ant bites you but does no damage.
You closely miss the worker ant.
The worker ant is moderately wounded.
The worker ant closely misses you.
You barely miss the worker ant.
The worker ant is moderately wounded.
The worker ant bites you.
You take 6 damage, and have 30/36 hp.
You closely miss the worker ant.
The worker ant is moderately wounded.
The worker ant closely misses you.
You claw the worker ant!
The worker ant is almost dead.
The worker ant bites you but does no damage. x2
You barely miss the worker ant.
The worker ant is almost dead.
The worker ant bites you but does no damage.
You claw the worker ant!
You kill the worker ant!
Lugonu accepts your kill.
Your Unarmed Combat skill increases to level 3!
HP restored.
An orc and an orc wizard come into view.
The orc wizard shouts!
The orc shouts!
You hear a shout!
An orc comes into view. It is wielding a +0 whip.
You see here a worker ant corpse.
Health restored: 36
There are monsters nearby!
An orc comes into view. It is wielding a +0 flail.
The orc shouts! x2
An orc priest comes into view. It is wielding a +0 war axe.
You see here a worker ant corpse.
You butcher the worker ant corpse.
A giant cockroach comes into view.
The orc wizard gestures at you while chanting.
The puff of flame hits you!
You see here a chunk of flesh.
You take 7 damage, and have 29/36 hp.
f - a chunk of flesh The orc priest shouts!
Eat a chunk of flesh? (ye/n/q)
You eat the chunk of flesh.
This raw flesh tastes great.
The orc priest calls down the wrath of Beogh upon you.
Beogh smites you!
The orc wizard gestures wildly while chanting.
The orc wizard flickers and vanishes!
Deactivating autopickup; reactivate with Ctrl-A.
You take 10 damage, and have 19/36 hp.
MASSIVE DAMAGE!!
You closely miss the orc. The orc closely misses you.
The orc hits you with a +0 flail.
You take 1 damage, and have 20/36 hp.
You barely miss the orc. The orc closely misses you.
The giant cockroach bites you but does no damage.
The giant cockroach bites you but does no damage.
There is a shaft here.
The giant cockroach falls through a shaft!
The shaft crumbles and collapses.
You can't go down here!
The orc priest begins to cast a cantrip, but forgets the words!
Something hits you but does no damage. The orc hits you with a +0 flail!
You take 6 damage, and have 22/36 hp.
The orc hits you with a +0 flail!
* * * LOW HITPOINT WARNING * * *
You take 10 damage, and have 12/36 hp.
MASSIVE DAMAGE!!
Unknown command.
You scratch the orc priest.
The orc priest is heavily wounded.
The orc priest hits you with a +0 war axe.
* * * LOW HITPOINT WARNING * * *
The orc barely misses you. x2
You take 2 damage, and have 10/36 hp.
Unknown command.
You barely miss the orc priest.
The orc priest is heavily wounded.
An orc wizard appears from thin air!
Reactivating autopickup.
The orc priest mumbles some strange prayers to Beogh against you.
Beogh smites you!
You die...

### ##.## ##...##
#.....# ## ###...###
##.##......#
#........o.#
#.......ooo# ##.
##......o@###...
##.##.#..........
.#######..#.###........#
..o....#....# #........#
....o..##...###.........
.......#.....##.........
........................
..........#.....##.#....
..........##...........


You could see an orc priest, an orc wizard and 3 orcs.

Vanquished Creatures
  A worker ant (D:4)
  A gnoll (D:1)
  An adder (D:2)
  A dart slug (D:1)
  3 giant cockroaches
  A goblin (D:1)
  A ball python skeleton (D:4)
  2 bats
  3 frilled lizards
  2 kobolds
  2 rats (D:1)
18 creatures vanquished.

Notes
Turn   | Place    | Note
-------+----------+-------------------------------------------
     0 | Abyss:1  | Monsterracer the Troll Abyssal Knight began the quest for
                  | the Orb.
     0 | Abyss:1  | Reached XP level 1. HP: 22/22 MP: 1/1
    15 | D:1      | Escaped the Abyss
   139 | D:1      | HP: 10/22 [gnoll/+0 club (8)]
   145 | D:1      | Reached XP level 2. HP: 16/29 MP: 2/2
   425 | D:2      | Reached XP level 3. HP: 36/36 MP: 3/3
   609 | D:2      | You fall through a shaft for 2 floors!
   615 | D:4      | Reached ** piety under Lugonu
   632 | D:4      | Reached skill level 3 in Unarmed Combat
   667 | D:4      | HP: 12/36 [orc/+0 flail (10)]
   669 | D:4      | Killed from afar by an orc priest

Skill      XL: |  1  2  3 |
---------------+----------+-----
Invocations    | 2 |  2.2
Unarmed Combat | 3 |  3.2
Fighting       | |  2.9
Dodging        | |  1.9

Action                   || total
-------------------------++-------
Melee: Unarmed           ||    61
       Punch             ||     1
  Eat: Chunk             ||     7
Armor: Robe              ||    20
Dodge: Dodged            ||    34

Levels and vault maps discovered:
D:1:      mrwooster_arrival_statue_2, layout_basic
D:2:      layout_basic, nemelex_xobeh_ov_fountains_minmay, lemuel_crystal_altar,
          first_ration, serial_park_tiny_2
D:4:      layout_cave_pools, grunt_temple_overflow_lords_of_destruction
Abyss:1
